 Dungeon Crawl Stone Soup version 0.18.1-48-g4cf74bf (webtiles) character file.

8021 Heedrag the Destroyer (level 11, -5/61 HPs)
             Began as a Deep Elf Conjurer on Aug 11, 2016.
             Was an Elder of Vehumet.
             Slain by a killer bee (7 damage)
             ... on level 10 of the Dungeon.
             The game lasted 00:24:49 (9329 turns).

Heedrag the Destroyer (Deep Elf Conjurer)           Turns: 9329, Time: 00:24:54

Health: -5/61      AC:  3    Str:  7 (10) XL:     11   Next: 4%
Magic:  7/27       EV: 17    Int: 21      God:    Vehumet [****..]
Gold:   570        SH:  0    Dex: 19      Spells: 6 memorised, 10 levels left

rFire  . . .     SeeInvis .     w - +4 quarterstaff (chaos)
rCold  . . .     Gourm    +     a - +0 robe
rNeg   . . .     Faith    .     (shield currently unavailable)
rPois  .         Spirit   .     (no helmet)
rElec  .         Dismiss  .     D - +0 cloak
rCorr  .         Reflect  .     (no gloves)
SustAt .         Harm     .     (no boots)
MR     +....                    J - amulet of the gourmand
Stlth  ++........               (no ring)
                                (no ring)

@: lethally poisoned (-5 -> -8), somewhat resistant to hostile enchantments,
unstealthy
A: fangs 1, agile 2, deterioration 1, strong 1
a: Renounce Religion


You were on level 10 of the Dungeon.
You worshipped Vehumet.
Vehumet was greatly pleased with you.
You were completely stuffed.

You visited 2 branches of the dungeon, and saw 11 of its levels.

You collected 570 gold pieces.

Inventory:

Hand Weapons
 w - a +4 quarterstaff of chaos (weapon)
 F - a +0 rapier of draining
Armour
 a - a +0 robe (worn)
 D - a +0 cloak (worn)
Magical Staves
 I - an uncursed staff of air
Jewellery
 o - an uncursed ring of fire
 s - an uncursed ring of teleportation
 y - the amulet of the Four Winds {rN+ MR+++ Clar}
   (You found it on level 4 of the Dungeon)

   [amulet of nothing]

   It protects you from negative energy.
   It affects your resistance to hostile enchantments.
   It protects you against confusion.
 E - an uncursed ring of ice
 J - an amulet of the gourmand (around neck)
Wands
 z - a wand of flame (14/48)
 C - a wand of flame (22/48)
 G - a wand of iceblast (6/15)
 H - a wand of flame (7/48)
 K - a wand of polymorph (11/24)
 S - a wand of confusion (13/48)
Scrolls
 d - a scroll of silence {unknown}
 e - a scroll of fog {unknown}
 f - 5 scrolls of remove curse
 i - 4 scrolls of identify
 m - a scroll of enchant armour {unknown}
 p - 3 scrolls of amnesia
 q - 2 scrolls of blinking {unknown}
 t - 2 scrolls of magic mapping {unknown}
 u - a scroll of teleportation {unknown}
 L - a scroll of noise {unknown}
 M - a scroll of summoning {unknown}
Potions
 g - a potion of might {unknown}
 j - 3 potions of brilliance {unknown}
 k - a potion of invisibility {unknown}
 l - 2 potions of magic {unknown}
 r - 7 potions of curing
 v - a potion of flight {unknown}
 x - 3 potions of ambrosia {unknown}
 A - a potion of mutation {unknown}
 B - a potion of heal wounds
 O - a potion of cure mutation {unknown}
 P - a potion of agility {unknown}
 Q - a potion of degeneration {unknown}
Books
 b - a book of Conjurations

   Spells                             Type                      Level
   a - Magic Dart                     Conjuration                  1
   b - Searing Ray                    Conjuration                  2
   c - Dazzling Spray                 Conjuration/Hexes            3
   d - Fulminant Prism                Conjuration/Hexes            4
   e - Iskenderun's Mystic Blast      Conjuration                  4
   f - Iskenderun's Battlesphere      Conjuration/Charms           5
 N - a book of the Tempests

   Spells                             Type                      Level
   a - Static Discharge               Conjuration/Air              3
   b - Lightning Bolt                 Conjuration/Air              5
   c - Fireball                       Conjuration/Fire             5
   d - Tornado                        Air                          9
   e - Shatter                        Earth                        9
Comestibles
 c - 8 bread rations
 h - 2 meat rations
 n - 4 slices of pizza
 R - 7 royal jellies
 T - 2 beef jerkies
 U - 4 chunks of flesh


   Skills:
 + Level 4.2 Fighting
 + Level 6.8 Dodging
 - Level 2.4 Stealth
 + Level 10.7 Spellcasting
 * Level 12.2 Conjurations
 + Level 9.3 Charms
 + Level 3.9 Fire Magic


You had 10 spell levels left.
You knew the following spells:

 Your Spells              Type           Power        Failure   Level  Hunger
a - Magic Dart            Conj           ####         1%          1    None
b - Dazzling Spray        Conj/Hex       #####.       1%          3    None
c - Iskenderun's Mystic   Conj           ######..     1%          4    ##.....
d - Iskenderun's Battles  Conj/Chrm      ######..     1%          5    ####...
e - Fireball              Conj/Fire      #####.....   2%          5    ####...
f - Conjure Flame         Conj/Fire      #####...     1%          3    None


Dungeon Overview and Level Annotations

Branches:
Dungeon (10/15)            Temple (1/1) D:5
   Lair: D:8-11         Orc: D:9-12

Altars:
Ashenzari
Cheibriados
Dithmenos
Elyvilon
Gozag
Kikubaaqudgha
Makhleb
Nemelex Xobeh
Okawaru
Pakellas
Qazlal
Ru
Sif Muna
Trog
Vehumet
Xom
The Shining One
Jiyva

Annotations:
D:2 Robin


Innate Abilities, Weirdness & Mutations

You have very sharp teeth.
You are very agile. (Dex +4)
Your body sometimes deteriorates upon taking damage.
Your muscles are strong. (Str +2)


Message History

Yer battlesphere fires!
Tha killer bee stin's ye!
* * * LOW HITPOINT WARNIN'
* * * Yer body deteriorates!
Ye feel weaken'd.
Tha killer bee stin's ye.
* * * LOW HITPOINT WARNIN'
* * * Ye be more poison'd.
Tha killer bee poisons ye!
Tha killer bee barely misses ye.
Tha killer bee stin's ye.
* * * LOW HITPOINT WARNIN'
* * * Ye be more poison'd.
Tha killer bee poisons ye!
Drink which item? (? fer menu, 'sc ta quit) It was a potion o' curin'.
Ye feel better.
Tha killer bee barely misses ye.
Tha killer bee stin's ye.
* * * LOW HITPOINT WARNIN'
* * * Ye be leth'lly poison'd!
Tha killer bee poisons ye!
Tha killer bee closely misses ye.
Tha killer bee stin's ye!
Ye die...

########################
#.......................
#...........####..###..
#...........# #..# .#
####.....<.....# #..###...#
...............####.........
...............*@y†...........
................)y....#####..#
......##############..# #..#
......# #..# #..# ......# #..#
#..# ....).# #..# #..#
...(.)##############..# #..#
......)...............#####..####
.........).......................


You could see 2 killer bees and a friendly battlesphere.

Vanquished Creatures
  The ghost of Mesmaeker13 the Quickloader, a novice DsHu of Ashenzari (D:9)
  2 hill giants
  Maurice (D:8)
  The ghost of sarahorange the Shield-Bearer, a novice DsFi (D:5)
  A queen bee (D:9)
  Sigmund (D:2)
  Eustachio (D:5)
  A steam dragon (D:10)
  Menkaure (D:4)
  4 ice beasts
  3 orc warriors
  A sky beast (D:8)
  A black bear (D:9)
  A necrophage (D:10)
  4 ogres
  5 centaurs
  A crocodile (D:10)
  3 big kobolds (D:9)
  The ghost of Heedrag the Conjurer, an amateur DECj (D:3)
  3 giant frogs
  4 scorpions
  16 killer bees
  4 wights (D:6)
  4 howler monkeys (D:8)
  4 crimson imps
  2 centaur zombies
  10 hounds (D:8)
  2 giant frog skeletons
  4 jellies
  Crazy Yiuf (D:2)
  4 orc priests
  3 centaur skeletons
  2 gnoll shamans (D:8)
  7 orc wizards
  4 iguanas
  Natasha (thrice) (D:4)
  4 worker ants
  2 hound zombies
  A hound skeleton (D:10)
  A howler monkey zombie (D:5)
  8 gnolls
  10 adders
  A shadow imp (D:7)
  An ooze (D:2)
  An adder zombie (D:8)
  An adder skeleton (D:7)
  2 worms (D:2)
  2 dart slugs
  6 giant geckos
  21 orcs
  7 bats
  5 giant cockroaches
  6 goblins
  15 hobgoblins
  24 kobolds
  3 quokkas
  3 ball pythons
  A ball python skeleton (D:4)
  A giant gecko skeleton (D:4)
  4 giant newts
  5 rats
246 creatures vanquished.

Vanquished Creatures (others)
  A wasp (D:6)
1 creature vanquished.

Grand Total: 247 creatures vanquished

Notes
Turn   | Place    | Note
--------------------------------------------------------------
     0 | D:1      | Heedrag the Deep Elf Conjurer began the quest for the Orb.
     0 | D:1      | Reached XP level 1. HP: 10/10 MP: 6/6
   167 | D:1      | Reached XP level 2. HP: 15/15 MP: 4/8
   285 | D:1      | Reached skill level 5 in Conjurations
   371 | D:1      | Reached XP level 3. HP: 16/19 MP: 6/10
   376 | D:1      | Learned a level 3 spell: Dazzling Spray
   588 | D:2      | Found a shimmering altar of Xom.
   588 | D:2      | Noticed Robin
   710 | D:2      | Reached XP level 4. HP: 12/24 MP: 3/12
   786 | D:2      | Learned a level 4 spell: Iskenderun's Mystic Blast
   969 | D:2      | Noticed Sigmund
   993 | D:2      | Found a glowing golden altar of the Shining One.
  1227 | D:3      | Reached skill level 6 in Conjurations
  1442 | D:3      | Noticed Heedrag's ghost (amateur DECj)
  1454 | D:3      | Killed Heedrag's ghost
  1454 | D:3      | Reached skill level 5 in Spellcasting
  1454 | D:3      | Reached XP level 5. HP: 22/28 MP: 4/14
  1524 | D:3      | Learned a level 5 spell: Iskenderun's Battlesphere
  1692 | D:3      | Found a shadowy altar of Dithmenos.
  1810 | D:3      | Reached skill level 1 in Charms
  1833 | D:3      | Reached XP level 6. HP: 32/32 MP: 3/16
  1885 | D:3      | Reached skill level 7 in Conjurations
  2344 | D:4      | Noticed Menkaure
  2352 | D:4      | Killed Menkaure
  2838 | D:4      | Noticed Natasha
  2842 | D:4      | Killed Natasha
  2842 | D:4      | Reached XP level 7. HP: 28/36 MP: 13/18
  2882 | D:4      | Found a deep blue altar of Sif Muna.
  2887 | D:4      | Noticed Natasha
  2892 | D:4      | Killed Natasha
  3102 | D:4      | Noticed Natasha
  3105 | D:4      | Killed Natasha
  3256 | D:2      | Found a shattered altar of Ashenzari.
  3256 | D:2      | Found a white marble altar of Elyvilon.
  3419 | D:2      | Killed Sigmund
  3419 | D:2      | Reached skill level 8 in Conjurations
  3500 | D:2      | Found an iron altar of Okawaru.
  3587 | D:2      | Found a stormy altar of Qazlal.
  3596 | D:2      | Noticed a water elemental
  3619 | D:2      | Noticed a fire elemental
  3620 | D:2      | Noticed an air elemental
  3673 | D:2      | Noticed Crazy Yiuf
  3678 | D:2      | Killed Crazy Yiuf
  3892 | D:5      | Entered Level 5 of the Dungeon
  3898 | D:5      | Noticed sarahorange's ghost (novice DsFi)
  3901 | D:5      | Killed sarahorange's ghost
  3901 | D:5      | Reached XP level 8. HP: 41/41 MP: 9/20
  3914 | D:5      | Reached skill level 9 in Conjurations
  3914 | D:5      | Reached skill level 5 in Charms
  4246 | D:5      | Found an opulent altar of Gozag.
  4368 | D:5      | Found a staircase to the Ecumenical Temple.
  4379 | Temple   | Entered the Ecumenical Temple
  4396 | Temple   | Became a worshipper of Vehumet
  4647 | D:5      | Found an oddly glowing altar of Pakellas.
  4647 | D:5      | Noticed Eustachio
  4651 | D:5      | Killed Eustachio
  4735 | D:5      | Reached skill level 1 in Fighting
  5164 | D:6      | Found an oddly glowing altar of Pakellas.
  5164 | D:6      | Noticed an orange crystal statue
  5467 | D:6      | Reached skill level 10 in Conjurations
  5588 | D:7      | Reached * piety under Vehumet
  5588 | D:7      | Offered knowledge of Sandblast by Vehumet.
  5588 | D:7      | Reached XP level 9. HP: 48/48 MP: 9/23
  6310 | D:8      | Noticed a hill giant
  6316 | D:8      | Killed a hill giant
  6316 | D:8      | Reached skill level 5 in Dodging
  6477 | D:8      | Reached skill level 11 in Conjurations
  6483 | D:8      | Offered knowledge of Sting by Vehumet.
  6562 | D:8      | Reached ** piety under Vehumet
  6633 | D:8      | Noticed Maurice
  6642 | D:8      | Killed Maurice
  6642 | D:8      | Reached XP level 10. HP: 35/56 MP: 7/25
  6649 | D:8      | Learned a level 5 spell: Fireball
  6752 | D:8      | Found a burning altar of Makhleb.
  6781 | D:8      | Gained mutation: You have very sharp teeth. [mutagenic meat]
  6782 | D:8      | Gained mutation: You are agile. (Dex +2) [mutagenic meat]
  6783 | D:8      | Gained mutation: Your body sometimes deteriorates upon taking damage. [mutagenic meat]
  6784 | D:8      | Gained mutation: Your muscles are strong. (Str +2) [mutagenic meat]
  6785 | D:8      | Gained mutation: You are very agile. (Dex +4) [mutagenic meat]
  7075 | D:8      | Reached skill level 1 in Fire Magic
  7313 | D:8      | Offered knowledge of Ignite Poison by Vehumet.
  7624 | D:9      | Reached *** piety under Vehumet
  7692 | D:9      | Found a sparkling altar of Nemelex Xobeh.
  7760 | D:9      | Found a sacrificial altar of Ru.
  7761 | D:9      | Noticed Mesmaeker13's ghost (novice DsHu)
  7891 | D:9      | Reached skill level 10 in Spellcasting
  8045 | D:9      | Offered knowledge of Sticky Flame by Vehumet.
  8526 | D:9      | Reached **** piety under Vehumet
  8758 | D:9      | Killed Mesmaeker13's ghost
  8758 | D:9      | Reached skill level 12 in Conjurations
  8951 | D:10     | Entered Level 10 of the Dungeon
  9118 | D:10     | Offered knowledge of Conjure Flame by Vehumet.
  9123 | D:10     | Learned a level 3 spell: Conjure Flame
  9144 | D:10     | Noticed a hill giant
  9149 | D:10     | Killed a hill giant
  9149 | D:10     | Reached XP level 11. HP: 46/61 MP: 3/27
  9328 | D:10     | HP: 2/61 [killer bee (3)]
  9329 | D:10     | Slain by a killer bee

Skill      XL: |  1  2  3  4  5  6  7  8  9 10 |
---------------+-------------------------------+-----
Conjurations   | 5 6 7 8 10 11 12 | 12.2
Spellcasting   | 4 5 6 7 8 9 10 | 10.7
Charms         | 1 2 4 6 8 9 |  9.3
Fighting       | 1 3 4 |  4.2
Dodging        | 4 5 6 |  6.8
Fire Magic     | 3 |  3.9
Stealth        | |  2.4

Action                   |  1- 3 |  4- 6 |  7- 9 | 10-12 || total
-------------------------+-------+-------+-------+-------++-------
Melee: Falchion          |       |    12 |     4 |       ||    16
       Quarterstaff      |       |       |    29 |    16 ||    45
 Cast: Magic Dart        |    52 |   145 |   174 |   208 ||   579
       Iskenderun's Batt |       |       |    28 |    29 ||    57
       Iskenderun's Myst |       |       |     1 |     8 ||     9
  Use: Scroll            |       |       |     4 |     1 ||     5
       Potion            |       |       |       |     1 ||     1
  Eat: Chunk             |       |     5 |    25 |    22 ||    52
       Pizza             |       |       |     1 |       ||     1
       Beef jerky        |       |       |     1 |       ||     1
Armor: Robe              |     2 |     2 |    13 |     9 ||    26
Dodge: Dodged            |     5 |    25 |    63 |    73 ||   166
